 Dungeon Crawl Stone Soup version 0.29.0-15-g675c0067aa (webtiles) character file.

Game seed: 5470326223253448106

14 qw the Sneak (level 2, -1/19 HPs)
             Began as a Gargoyle Delver on Sept 11, 2022.
             Slain by Ijyb
             ... wielding a +0 club
              (2 damage)
             ... on level 3 of the Dungeon.
             The game lasted 00:00:15 (1553 turns).

qw the Sneak (Gargoyle Delver)                      Turns: 1553, Time: 00:00:15

Health: -1/19      AC:  5    Str: 15    XL:     2   Next: 41%
Magic:  2/2        EV: 11    Int: 10    God:
Gold:   21         SH:  0    Dex: 11    Spells: 1/1 levels left

rFire   . . .      SeeInvis .   a - +0 hand axe
rCold   . . .      Faith    .   (no shield)
rNeg    + . .      Spirit   .   b - +0 leather armour
rPois   inf        Reflect  .   (no helmet)
rElec   +          Harm     .   (no cloak)
rCorr   .          Rampage  .   (no gloves)
Will    .....                   (no boots)
Stlth   +.........              (no amulet)
HPRegen 0.06/turn               (no ring)
MPRegen 0.08/turn               (no ring)

@: confused
A: sickness immunity, AC +2, negative energy resistance 1, electricity
resistance, torment resistance 1, petrification resistance
a: no special abilities


You were on level 3 of the Dungeon.
You visited 1 branch of the dungeon, and saw 3 of its levels.

You collected 21 gold pieces.


Innate Abilities, Weirdness & Mutations

You are immune to sickness and miasma.
Your stone body is resilient. (AC +2)
You are immune to poison.
You resist negative energy. (rN+)
You are resistant to electric shocks. (rElec)
You are resistant to unholy torment.
You are immune to petrification.


   Skills:
 - Level 3.2 Fighting
 + Level 2.7 Axes
 - Level 1.5 Dodging
 - Level 5.4 Stealth


You had one spell level left.
You didn't know any spells.
Your spell library was empty.

Inventory:

Hand Weapons
 a - a +0 hand axe (weapon)
 j - a +0 whip
Armour
 b - a +0 leather armour (worn)
Jewellery
 i - a ring of positive energy
Wands
 g - a wand of digging (3)
Scrolls
 h - 2 scrolls of identify {unknown}
Potions
 c - a potion of heal wounds {unknown}
 d - a potion of attraction {unknown}
 e - a potion of magic {unknown}
 f - a potion of haste

Dungeon Overview and Level Annotations

Branches:
Dungeon (5/15)
 Temple: D:4-7

Altars:

Annotations:
D:3 Ijyb
D:4 Menkaure


Message History

You bump into the rock wall.
Ijyb hits you with a +0 club. Ijyb hits you with a +0 club.
You bump into the rock wall.
You feel less confused.
Ijyb zaps a wand.
Your will is overpowered!
You are confused.
You hit Ijyb but do no damage.
Ijyb is heavily wounded.
Ijyb hits you with a +0 club. Ijyb closely misses you.
Ijyb hits you with a +0 club.
You bump into the rock wall.
Ijyb hits you with a +0 club.
You bump into the rock wall.
Ijyb barely misses you.
You closely miss Ijyb.
Ijyb is heavily wounded.
Ijyb hits you with a +0 club.
You feel less confused. Ijyb closely misses you.
You hit Ijyb but do no damage.
Ijyb is heavily wounded.
Ijyb zaps a wand.
You resist with significant effort.
You miss Ijyb.
Ijyb is moderately wounded.
Ijyb zaps a wand.
Your will is overpowered!
You are confused.
You hit Ijyb but do no damage.
Ijyb is moderately wounded.
Ijyb zaps a wand.
Your will is overpowered!
You are more confused.
You bump into the rock wall.
Ijyb hits you with a +0 club.
You hit Ijyb.
Ijyb is heavily wounded.
Ijyb zaps a wand.
You resist with significant effort.
The now-empty wand crumbles to dust.
You bump into the rock wall.
Ijyb hits you with a +0 club.
You die...

#.# #.# #.# #.# #.#
##########.#
.........#.##
.#######..#.######.#
#.@...###........
###.###g###..#.######.#
........# #.#.##
.##.##### #.#.# #.#.#
#.#+# ... #.. ..


You could see Ijyb.

Vanquished Creatures
  An adder (D:3)
  A giant cockroach (D:3)
  A hobgoblin (D:4)
  2 kobolds
5 creatures vanquished.

Notes
Turn   | Place    | Note
-------+----------+-------------------------------------------
     0 | D:5      | qw the Gargoyle Delver began the quest for the Orb.
     0 | D:5      | Reached XP level 1. HP: 14/14 MP: 1/1
     0 | D:5      | 0 ||| qw: Version: 0.1-a-118-gb4e7ce6
     0 | D:5      | 0 ||| qw: Game counter: 10300
     0 | D:5      | 0 ||| qw: Always use a shield: true
     0 | D:5      | 0 ||| qw: God list: Okawaru
     0 | D:5      | 0 ||| qw: Allow faded altars: false
     0 | D:5      | 0 ||| qw: Do Orc after D:15 true
     0 | D:5      | 0 ||| qw: Do second Lair branch before Depths: true
     0 | D:5      | 0 ||| qw: Lair rune preference: random
     0 | D:5      | 0 ||| qw: Plans: Normal
     0 | D:5      | 0 ||| PLANNING D:1-11
     0 | D:5      | 0 ||| DROPPING scroll of fog.
     1 | D:5      | 1 ||| DROPPING scroll of magic mapping.
     2 | D:5      | 2 ||| DROPPING scroll of fear.
   193 | D:4      | Noticed Menkaure
   197 | D:4      | 197 ||| STAIRDANCE
   418 | D:3      | Reached XP level 2. HP: 16/19 MP: 2/2
   468 | D:3      | 468 ||| DROPPING +0 club.
   505 | D:3      | Noticed Ijyb
   506 | D:3      | 506 ||| Stepping ~*~*~tactically~*~*~ (hiding).
   608 | D:3      | 608 ||| Stepping ~*~*~tactically~*~*~ (hiding).
   710 | D:3      | 710 ||| Stepping ~*~*~tactically~*~*~ (hiding).
   812 | D:3      | 812 ||| Stepping ~*~*~tactically~*~*~ (hiding).
   914 | D:3      | 914 ||| Stepping ~*~*~tactically~*~*~ (hiding).
  1016 | D:3      | 1016 ||| Stepping ~*~*~tactically~*~*~ (hiding).
  1118 | D:3      | 1118 ||| Stepping ~*~*~tactically~*~*~ (hiding).
  1220 | D:3      | 1220 ||| Stepping ~*~*~tactically~*~*~ (hiding).
  1322 | D:3      | 1322 ||| Stepping ~*~*~tactically~*~*~ (hiding).
  1424 | D:3      | 1424 ||| Stepping ~*~*~tactically~*~*~ (hiding).
  1546 | D:3      | HP: 2/19 [Ijyb/+0 club (5)]
  1551 | D:3      | HP: 1/19 [Ijyb/+0 club (2)]
  1553 | D:3      | Slain by Ijyb

Levels and vault maps discovered:
D:3:      layout_loops_corners, uniq_terence, uniq_ijyb
D:4:      layout_basic, uniq_menkaure, uniq_duvessa
D:5:      layout_basic, minmay_temple_entry_junction, serial_shops,
          nicolae_shop_behind_doors

Skill      XL: |  1 |
---------------+----+-----
Axes           | 2 |  2.7
Fighting       | |  3.2
Dodging        | |  1.5
Stealth        | |  5.4

Action                   || total
-------------------------++-------
Melee: Hand axe          ||    32
Armor: Leather armour    ||     8
Dodge: Dodged            ||    21

Table legend:
 A = Non-vault XP
 B = Vault XP
 C = Vault XP percentage of total XP
 D = Non-vault monster count
 E = Vault monster count
 F = Vault count percentage of total count
                 A         B        C        D         E       F
            +---------+---------+-------+---------+---------+-------
      Total |      20 |       0 |   0.0 |       5 |       0 |   0.0
            +---------+---------+-------+---------+---------+-------
        D:3 |      16 |       0 |   0.0 |       3 |       0 |   0.0
        D:4 |       4 |       0 |   0.0 |       2 |       0 |   0.0
            +---------+---------+-------+---------+---------+-------
